 Dungeon Crawl Stone Soup version 0.26-b1-32-g5d43845318 (webtiles) character file.

Game seed: 16567282447635397501

1740 Borgoz the Slasher (level 9, -3/61 HPs)
             Began as a Halfling Fighter on Jan 9, 2021.
             Was a Believer of Kikubaaqudgha.
             Slain by an orc warrior
             ... wielding a +0 scimitar
              (19 damage)
             ... on level 5 of the Dungeon.
             The game lasted 00:09:59 (6240 turns).

Borgoz the Slasher (Halfling Fighter)               Turns: 6240, Time: 00:10:00

Health: -3/61      AC: 11    Str: 23    XL:     9   Next: 26%
Magic:  9/9        EV: 11    Int:  6    God:    Kikubaaqudgha [**....]
Gold:   182        SH: 11    Dex: 17    Spells: 5/8 levels left

rFire    . . .     SeeInvis .   a - +0 long sword
rCold    . . .     Faith    .   c - +0 kite shield
rNeg     . . .     Spirit   .   o - +0 scale mail
rPois    .         Reflect  .   p - +1 helmet
rElec    .         Harm     .   (no cloak)
rCorr    .         Rampage  .   (no gloves)
Will     .....                  y - +0 pair of boots
Stlth    ..........             (no amulet)
HPRegen  0.20/turn              h - +6 ring of strength
MPRegen  0.11/turn              (no ring)

@: no status effects
A: small, mutation resistance 1
a: Renounce Religion, Receive Corpses


You were on level 5 of the Dungeon.
You worshipped Kikubaaqudgha.
Kikubaaqudgha was pleased with you.
You visited 1 branch of the dungeon, and saw 6 of its levels.

You collected 182 gold pieces.

Inventory:

Hand Weapons
 a - a +0 long sword (weapon)
 b - a +2 dagger of venom
Missiles
 x - a throwing net (quivered)
Armour
 c - a +0 kite shield (worn)
 o - a +0 scale mail (worn)
 p - a +1 helmet (worn)
 y - a +0 pair of boots (worn)
Jewellery
 e - an uncursed ring of flight
 h - a +6 ring of strength (left hand)
Scrolls
 i - 3 scrolls of teleportation
 j - 2 scrolls of enchant armour
 l - 3 scrolls of amnesia {unknown}
 m - 2 scrolls of blinking
 n - 2 scrolls of random uselessness {unknown}
 q - 2 scrolls of noise {unknown}
 r - 2 scrolls of magic mapping
 t - 2 scrolls of fog {unknown}
 u - a scroll of enchant weapon {unknown}
Potions
 d - 2 potions of might
 f - 4 potions of haste
 g - a potion of heal wounds
 k - a potion of flight
 s - a potion of resistance
 v - a potion of brilliance
 w - a potion of invisibility {unknown}
 z - a potion of mutation
 A - a potion of attraction {unknown}
 B - a potion of curing


   Skills:
 + Level 5.5 Fighting
 + Level 7.4 Long Blades
 + Level 6.6 Armour
 + Level 2.7 Dodging
 - Level 5.0 Shields


You had 5 spell levels left.
You knew the following spells:

 Your Spells              Type           Power        Failure   Level
a - Vampiric Draining     Necr           0%           100%        3

Your spell library contained the following spells:

 Spells                   Type           Power        Failure   Level
 Animate Skeleton         Necr           0%           99%         1
 Pain                     Necr           0%           99%         1
 Sublimation of Blood     Necr           0%           100%        2


Dungeon Overview and Level Annotations

Branches:
Dungeon (6/15)
 Temple: D:4-7

Altars:
Cheibriados
Dithmenos
Kikubaaqudgha
Okawaru
Ru
Wu Jian
Xom


Innate Abilities, Weirdness & Mutations

You are small and have problems with some larger weapons.
You are somewhat resistant to further mutation.


Message History

The ogre is severely wounded.
The ogre hits you but does no damage.
You slash the ogre!
You kill the ogre!
Kikubaaqudgha accepts your kill.
You closely miss the orc warrior.
The orc warrior hits you with a +0 scimitar!
You hit the orc warrior but do no damage.
The orc warrior hits you with a +0 scimitar.
You hit the orc warrior but do no damage.
You block the orc warrior's attack.
You barely miss the orc warrior.
The orc warrior hits you with a +0 scimitar!!
* * * LOW HITPOINT WARNING * * *
You closely miss the orc warrior. The orc warrior barely misses you.
You riposte.
You barely miss the orc warrior.
You hit the orc warrior but do no damage.
The orc warrior hits you with a +0 scimitar!!
You die...
Kikubaaqudgha rasps: "You have failed me!
Welcome... death!"

#....≈≈#.).########
#....≈≈#...#.......
#....≈≈#####≈≈≈≈≈≈≈
#....≈≈≈≈≈≈≈≈≈≈≈≈≈≈
########....≈≈≈≈≈≈≈≈≈≈))≈≈
#......#.....P.....(..()..
#.#########....###########
###.#
######..........).)..
#...#
#>.o@....######.#####
######.######.########
#..## # ..............#
##.#.### .#####.########
#.###... .# #.# ##.#.###
.# #.# #..## .#####.# #..#
.....#.###### #..#
####........# #######..#


You could see an orc warrior.

Vanquished Creatures
  Sigmund (D:3)
  A necrophage (D:5)
  2 ogres
  2 bullfrogs
  A gnoll sergeant (D:5)
  A scorpion (D:5)
  4 crimson imps (D:5)
  A hound (D:4)
  A jelly (D:4)
  5 gnoll shamans (D:5)
  A centaur skeleton (D:4)
  Terence (D:3)
  2 iguanas
  Natasha (twice) (D:3)
  A worker ant (D:4)
  Robin (D:2)
  40 gnolls
  3 adders
  An adder zombie (D:5)
  An adder skeleton (D:5)
  7 worms
  3 dart slugs
  2 leopard geckos (D:2)
  6 orcs
  8 bats (D:1)
  4 giant cockroaches
  6 hobgoblins
  20 jackals
  9 kobolds
  4 quokkas
  5 frilled lizards
  10 goblins
  2 quokka skeletons
  6 rats
164 creatures vanquished.

Vanquished Creatures (others)
  A plant (D:5)
  5 toadstools (D:1)
6 creatures vanquished.

Grand Total: 170 creatures vanquished

Notes
Turn   | Place    | Note
-------+----------+-------------------------------------------
     0 | D:1      | Borgoz the Halfling Fighter began the quest for the Orb.
     0 | D:1      | Reached XP level 1. HP: 15/15 MP: 1/1
   209 | D:1      | Reached XP level 2. HP: 20/20 MP: 2/2
   385 | D:1      | Reached XP level 3. HP: 11/25 MP: 3/3
   979 | D:2      | Reached XP level 4. HP: 25/31 MP: 4/4
   980 | D:2      | Reached skill level 3 in Long Blades
  1433 | D:2      | Noticed Robin
  1439 | D:2      | Killed Robin
  1443 | D:2      | Reached XP level 5. HP: 15/36 MP: 5/5
  1702 | D:2      | Found a shadowy altar of Dithmenos.
  2172 | D:3      | Noticed Terence
  2181 | D:3      | Killed Terence
  2190 | D:3      | Noticed Natasha
  2200 | D:3      | Killed Natasha
  2201 | D:3      | Reached XP level 6. HP: 28/42 MP: 6/6
  2532 | D:3      | Found a snail-covered altar of Cheibriados.
  2703 | D:3      | Found an iron altar of Okawaru.
  2855 | D:3      | Noticed Natasha
  2860 | D:3      | Killed Natasha
  2861 | D:3      | Reached skill level 4 in Long Blades
  2893 | D:3      | Noticed Sigmund
  2909 | D:3      | Killed Sigmund
  2910 | D:3      | Reached XP level 7. HP: 33/47 MP: 7/7
  3343 | D:4      | Reached skill level 5 in Long Blades
  3529 | D:4      | Found an ancient bone altar of Kikubaaqudgha.
  3607 | D:4      | Became a worshipper of Kikubaaqudgha
  3685 | D:4      | Reached skill level 5 in Armour
  3685 | D:4      | Reached skill level 5 in Shields
  4062 | D:4      | Found an ornate altar of the Wu Jian Council.
  4063 | D:4      | Found a sacrificial altar of Ru.
  4121 | D:5      | Entered Level 5 of the Dungeon
  4138 | D:5      | Reached XP level 8. HP: 50/54 MP: 8/8
  4189 | D:5      | Found a shimmering altar of Xom.
  4436 | D:5      | Reached skill level 6 in Long Blades
  4902 | D:5      | Reached * piety under Kikubaaqudgha
  4902 | D:5      | Identified Kikubaaqudgha's Compendium of Sinister Magic
                  | (Kikubaaqudgha gifted it to you on level 5 of the Dungeon)
  4902 | D:5      | Received a gift from Kikubaaqudgha
  4937 | D:5      | Learned a level 3 spell: Vampiric Draining
  5213 | D:5      | Reached skill level 5 in Fighting
  5243 | D:5      | Reached skill level 1 in Dodging
  5556 | D:5      | Reached skill level 7 in Long Blades
  5873 | D:5      | Reached XP level 9. HP: 61/61 MP: 9/9
  6012 | D:5      | Reached ** piety under Kikubaaqudgha
  6240 | D:5      | Slain by an orc warrior

Illustrated notes

Levels and vault maps discovered:
D:1:      ldierk_walled_garden, layout_loops_ring, minmay_misc_feat_chi,
          minmay_misc_feat_rugged
D:2:      layout_basic, lemuel_crystal_altar, uniq_robin
D:3:      layout_loops_corners, nicolae_overflow_crystal_walls,
          general_overflow_altar, ebering_dispersal_statue_hall, uniq_sigmund,
          uniq_natasha, uniq_terence
D:4:      layout_loops_ring, kennysheep_mini, gammafunk_temple_overflow_pools
D:5:      lemuel_castle_with_subvaults [lemuel_castle_interior_carwin_3],
          layout_loops_ring, led_xom_imps
D:6:      layout_rooms, overflow_temple_1_default, minmay_temple_entry_wispy,
          st_stairs_9

Skill      XL: |  1  2  3  4  5  6  7  8  9 |
---------------+----------------------------+-----
Fighting       | 3 4 5 |  5.5
Long Blades    | 3 4 5 7 |  7.4
Shields        | 4 5 |  5.0
Armour         | 4 5 6 |  6.6
Dodging        | 1 2 |  2.7

Action                   |  1- 3 |  4- 6 |  7- 9 || total
-------------------------+-------+-------+-------++-------
Melee: Long sword        |    89 |    53 |    68 ||   210
       Dagger            |       |    77 |   403 ||   480
  Use: Potion            |     1 |     4 |     1 ||     6
       Scroll            |       |     6 |     3 ||     9
Armor: Scale mail        |    37 |    23 |   130 ||   190
Dodge: Dodged            |    41 |    31 |   153 ||   225
Block: Kite shield       |    75 |    51 |   238 ||   364
       Rpst.: Long sword |    10 |     8 |     9 ||    27
